%YAML 1.1
%TAG !u! tag:unity3d.com,2011:
--- !u!1 &5151327842112913951
GameObject:
  m_ObjectHideFlags: 0
  m_CorrespondingSourceObject: {fileID: 0}
  m_PrefabInstance: {fileID: 0}
  m_PrefabAsset: {fileID: 0}
  serializedVersion: 6
  m_Component:
  - component: {fileID: 5151327842112913948}
  - component: {fileID: 3730376292478160516}
  m_Layer: 0
  m_Name: 3Worker
  m_TagString: Untagged
  m_Icon: {fileID: 0}
  m_NavMeshLayer: 0
  m_StaticEditorFlags: 0
  m_IsActive: 1
--- !u!4 &5151327842112913948
Transform:
  m_ObjectHideFlags: 0
  m_CorrespondingSourceObject: {fileID: 0}
  m_PrefabInstance: {fileID: 0}
  m_PrefabAsset: {fileID: 0}
  m_GameObject: {fileID: 5151327842112913951}
  m_LocalRotation: {x: 0, y: 0, z: 0, w: 1}
  m_LocalPosition: {x: 0, y: 0, z: 0}
  m_LocalScale: {x: 1, y: 1, z: 1}
  m_Children:
  - {fileID: 7110349780298377223}
  - {fileID: 5402226564232474696}
  - {fileID: 8136735460191927038}
  m_Father: {fileID: 0}
  m_RootOrder: 0
  m_LocalEulerAnglesHint: {x: 0, y: 0, z: 0}
--- !u!114 &3730376292478160516
MonoBehaviour:
  m_ObjectHideFlags: 0
  m_CorrespondingSourceObject: {fileID: 0}
  m_PrefabInstance: {fileID: 0}
  m_PrefabAsset: {fileID: 0}
  m_GameObject: {fileID: 5151327842112913951}
  m_Enabled: 1
  m_EditorHideFlags: 0
  m_Script: {fileID: 11500000, guid: 7ac7f82c93beccd4cbac8e3347e361a8, type: 3}
  m_Name: 
  m_EditorClassIdentifier: 
  initialEnemies: 3
--- !u!1001 &2195537384120791944
PrefabInstance:
  m_ObjectHideFlags: 0
  serializedVersion: 2
  m_Modification:
    m_TransformParent: {fileID: 5151327842112913948}
    m_Modifications:
    - target: {fileID: 6089022750936875969, guid: d0b248c08caf13b43ab47a352a1df9b5,
        type: 3}
      propertyPath: m_Name
      value: RobotWorkerEnemy (1)
      objectReference: {fileID: 0}
    - target: {fileID: 6089022750936875968, guid: d0b248c08caf13b43ab47a352a1df9b5,
        type: 3}
      propertyPath: m_LocalPosition.x
      value: 0.795
      objectReference: {fileID: 0}
    - target: {fileID: 6089022750936875968, guid: d0b248c08caf13b43ab47a352a1df9b5,
        type: 3}
      propertyPath: m_LocalPosition.y
      value: 0.060000002
      objectReference: {fileID: 0}
    - target: {fileID: 6089022750936875968, guid: d0b248c08caf13b43ab47a352a1df9b5,
        type: 3}
      propertyPath: m_LocalPosition.z
      value: 0
      objectReference: {fileID: 0}
    - target: {fileID: 6089022750936875968, guid: d0b248c08caf13b43ab47a352a1df9b5,
        type: 3}
      propertyPath: m_LocalRotation.x
      value: -0
      objectReference: {fileID: 0}
    - target: {fileID: 6089022750936875968, guid: d0b248c08caf13b43ab47a352a1df9b5,
        type: 3}
      propertyPath: m_LocalRotation.y
      value: -0
      objectReference: {fileID: 0}
    - target: {fileID: 6089022750936875968, guid: d0b248c08caf13b43ab47a352a1df9b5,
        type: 3}
      propertyPath: m_LocalRotation.z
      value: -0
      objectReference: {fileID: 0}
    - target: {fileID: 6089022750936875968, guid: d0b248c08caf13b43ab47a352a1df9b5,
        type: 3}
      propertyPath: m_LocalRotation.w
      value: 1
      objectReference: {fileID: 0}
    - target: {fileID: 6089022750936875968, guid: d0b248c08caf13b43ab47a352a1df9b5,
        type: 3}
      propertyPath: m_RootOrder
      value: 1
      objectReference: {fileID: 0}
    - target: {fileID: 6089022750936875968, guid: d0b248c08caf13b43ab47a352a1df9b5,
        type: 3}
      propertyPath: m_LocalEulerAnglesHint.x
      value: 0
      objectReference: {fileID: 0}
    - target: {fileID: 6089022750936875968, guid: d0b248c08caf13b43ab47a352a1df9b5,
        type: 3}
      propertyPath: m_LocalEulerAnglesHint.y
      value: 0
      objectReference: {fileID: 0}
    - target: {fileID: 6089022750936875968, guid: d0b248c08caf13b43ab47a352a1df9b5,
        type: 3}
      propertyPath: m_LocalEulerAnglesHint.z
      value: 0
      objectReference: {fileID: 0}
    m_RemovedComponents: []
  m_SourcePrefab: {fileID: 100100000, guid: d0b248c08caf13b43ab47a352a1df9b5, type: 3}
--- !u!4 &5402226564232474696 stripped
Transform:
  m_CorrespondingSourceObject: {fileID: 6089022750936875968, guid: d0b248c08caf13b43ab47a352a1df9b5,
    type: 3}
  m_PrefabInstance: {fileID: 2195537384120791944}
  m_PrefabAsset: {fileID: 0}
--- !u!1001 &2624455245866809662
PrefabInstance:
  m_ObjectHideFlags: 0
  serializedVersion: 2
  m_Modification:
    m_TransformParent: {fileID: 5151327842112913948}
    m_Modifications:
    - target: {fileID: 6089022750936875969, guid: d0b248c08caf13b43ab47a352a1df9b5,
        type: 3}
      propertyPath: m_Name
      value: RobotWorkerEnemy (2)
      objectReference: {fileID: 0}
    - target: {fileID: 6089022750936875968, guid: d0b248c08caf13b43ab47a352a1df9b5,
        type: 3}
      propertyPath: m_LocalPosition.x
      value: 0.08500001
      objectReference: {fileID: 0}
    - target: {fileID: 6089022750936875968, guid: d0b248c08caf13b43ab47a352a1df9b5,
        type: 3}
      propertyPath: m_LocalPosition.y
      value: -0.655
      objectReference: {fileID: 0}
    - target: {fileID: 6089022750936875968, guid: d0b248c08caf13b43ab47a352a1df9b5,
        type: 3}
      propertyPath: m_LocalPosition.z
      value: 0
      objectReference: {fileID: 0}
    - target: {fileID: 6089022750936875968, guid: d0b248c08caf13b43ab47a352a1df9b5,
        type: 3}
      propertyPath: m_LocalRotation.x
      value: -0
      objectReference: {fileID: 0}
    - target: {fileID: 6089022750936875968, guid: d0b248c08caf13b43ab47a352a1df9b5,
        type: 3}
      propertyPath: m_LocalRotation.y
      value: -0
      objectReference: {fileID: 0}
    - target: {fileID: 6089022750936875968, guid: d0b248c08caf13b43ab47a352a1df9b5,
        type: 3}
      propertyPath: m_LocalRotation.z
      value: -0
      objectReference: {fileID: 0}
    - target: {fileID: 6089022750936875968, guid: d0b248c08caf13b43ab47a352a1df9b5,
        type: 3}
      propertyPath: m_LocalRotation.w
      value: 1
      objectReference: {fileID: 0}
    - target: {fileID: 6089022750936875968, guid: d0b248c08caf13b43ab47a352a1df9b5,
        type: 3}
      propertyPath: m_RootOrder
      value: 2
      objectReference: {fileID: 0}
    - target: {fileID: 6089022750936875968, guid: d0b248c08caf13b43ab47a352a1df9b5,
        type: 3}
      propertyPath: m_LocalEulerAnglesHint.x
      value: 0
      objectReference: {fileID: 0}
    - target: {fileID: 6089022750936875968, guid: d0b248c08caf13b43ab47a352a1df9b5,
        type: 3}
      propertyPath: m_LocalEulerAnglesHint.y
      value: 0
      objectReference: {fileID: 0}
    - target: {fileID: 6089022750936875968, guid: d0b248c08caf13b43ab47a352a1df9b5,
        type: 3}
      propertyPath: m_LocalEulerAnglesHint.z
      value: 0
      objectReference: {fileID: 0}
    m_RemovedComponents: []
  m_SourcePrefab: {fileID: 100100000, guid: d0b248c08caf13b43ab47a352a1df9b5, type: 3}
--- !u!4 &8136735460191927038 stripped
Transform:
  m_CorrespondingSourceObject: {fileID: 6089022750936875968, guid: d0b248c08caf13b43ab47a352a1df9b5,
    type: 3}
  m_PrefabInstance: {fileID: 2624455245866809662}
  m_PrefabAsset: {fileID: 0}
--- !u!1001 &3903922264557185991
PrefabInstance:
  m_ObjectHideFlags: 0
  serializedVersion: 2
  m_Modification:
    m_TransformParent: {fileID: 5151327842112913948}
    m_Modifications:
    - target: {fileID: 6089022750936875969, guid: d0b248c08caf13b43ab47a352a1df9b5,
        type: 3}
      propertyPath: m_Name
      value: RobotWorkerEnemy
      objectReference: {fileID: 0}
    - target: {fileID: 6089022750936875968, guid: d0b248c08caf13b43ab47a352a1df9b5,
        type: 3}
      propertyPath: m_LocalPosition.x
      value: -0.645
      objectReference: {fileID: 0}
    - target: {fileID: 6089022750936875968, guid: d0b248c08caf13b43ab47a352a1df9b5,
        type: 3}
      propertyPath: m_LocalPosition.y
      value: 0.005
      objectReference: {fileID: 0}
    - target: {fileID: 6089022750936875968, guid: d0b248c08caf13b43ab47a352a1df9b5,
        type: 3}
      propertyPath: m_LocalPosition.z
      value: 0
      objectReference: {fileID: 0}
    - target: {fileID: 6089022750936875968, guid: d0b248c08caf13b43ab47a352a1df9b5,
        type: 3}
      propertyPath: m_LocalRotation.x
      value: -0
      objectReference: {fileID: 0}
    - target: {fileID: 6089022750936875968, guid: d0b248c08caf13b43ab47a352a1df9b5,
        type: 3}
      propertyPath: m_LocalRotation.y
      value: -0
      objectReference: {fileID: 0}
    - target: {fileID: 6089022750936875968, guid: d0b248c08caf13b43ab47a352a1df9b5,
        type: 3}
      propertyPath: m_LocalRotation.z
      value: -0
      objectReference: {fileID: 0}
    - target: {fileID: 6089022750936875968, guid: d0b248c08caf13b43ab47a352a1df9b5,
        type: 3}
      propertyPath: m_LocalRotation.w
      value: 1
      objectReference: {fileID: 0}
    - target: {fileID: 6089022750936875968, guid: d0b248c08caf13b43ab47a352a1df9b5,
        type: 3}
      propertyPath: m_RootOrder
      value: 0
      objectReference: {fileID: 0}
    - target: {fileID: 6089022750936875968, guid: d0b248c08caf13b43ab47a352a1df9b5,
        type: 3}
      propertyPath: m_LocalEulerAnglesHint.x
      value: 0
      objectReference: {fileID: 0}
    - target: {fileID: 6089022750936875968, guid: d0b248c08caf13b43ab47a352a1df9b5,
        type: 3}
      propertyPath: m_LocalEulerAnglesHint.y
      value: 0
      objectReference: {fileID: 0}
    - target: {fileID: 6089022750936875968, guid: d0b248c08caf13b43ab47a352a1df9b5,
        type: 3}
      propertyPath: m_LocalEulerAnglesHint.z
      value: 0
      objectReference: {fileID: 0}
    m_RemovedComponents: []
  m_SourcePrefab: {fileID: 100100000, guid: d0b248c08caf13b43ab47a352a1df9b5, type: 3}
--- !u!4 &7110349780298377223 stripped
Transform:
  m_CorrespondingSourceObject: {fileID: 6089022750936875968, guid: d0b248c08caf13b43ab47a352a1df9b5,
    type: 3}
  m_PrefabInstance: {fileID: 3903922264557185991}
  m_PrefabAsset: {fileID: 0}
